AoeStats
← wan !

Black Forest

509248115Analyzed
3v3 RM · 6d ago on Sep 26, 2026· 60m 27s· 6 players
Game mode
Random Map
Map size
Normal (6 player)
Population
200
Speed
Normal
Resources
Standard
Victory
Conquest
Starting age
Dark Age
Ending age
Imperial Age
RankedLock teamsTeams togetherTeam positionsShared explorationLock speedFull tech treeHidden civsTurbo modeCheats
Victory
Defeat
🇨🇱 Bohemians · Chile
1071
+11
🇨🇱 Khmer · Chile
974
+15
🇨🇱 Malians · Chile
911
+18
🇨🇱 Byzantines · Chile
974
-15
🇮🇹 Mongols · Italy
960
-15
🇨🇱 Bohemians · Chile
929
-14
Titario
11:58 Feudal Age
12:06 Loom
13:34 Loom
16:23 Castle Age
17:24 Double-Bit Axe
22:04 Horse Collar
22:41 Bow Saw
23:37 Wheelbarrow
23:20 Heavy Plow
25:07 Hand Cart
31:21 Imperial Age
30:05 Murder Holes
30:32 Ballistics
32:02 Forging
31:53 Scale Mail Armor
31:44 Fletching
31:55 Padded Archer Armor
32:59 Chemistry
32:11 Fortified Wall
32:11 Masonry
31:51 Town Watch
31:42 Pikeman
32:22 Squires
32:08 Arson
33:20 Iron Casting
35:52 Halberdier
36:54 Chain Mail Armor
36:36 Bodkin Arrow
36:48 Scale Barding Armor
38:07 Two-Man Saw
39:43 Elite Skirmisher
40:44 Wagenburg Tactics
40:46 Hussite Reforms
42:23 Elite Hussite Wagon
45:09 Light Cavalry
45:50 Husbandry
46:41 Conscription
51:13 Bracer
51:32 Leather Archer Armor
52:18 Blast Furnace
51:49 Plate Mail Armor
51:41 Chain Barding Armor
58:01 Houfnice
alexismdo1
0:38 Loom
15:40 Feudal Age
17:04 Wheelbarrow
16:11 Horse Collar
16:21 Double-Bit Axe
16:56 Horse Collar
19:14 Gold Mining
24:42 Castle Age
23:45 Stone Mining
28:52 Bow Saw
32:43 Stone Shaft Mining
34:14 Hand Cart
34:23 Squires
34:43 Husbandry
41:42 Gold Shaft Mining
47:52 Imperial Age
46:49 Fletching
47:00 Padded Archer Armor
46:24 Elite Skirmisher
47:10 Thumb Ring
48:28 Ballistics
48:39 Heavy Plow
50:49 Bodkin Arrow
51:09 Leather Archer Armor
50:25 Light Cavalry
51:34 Hussar
52:29 Forging
52:24 Scale Barding Armor
53:10 Forging
57:38 Forging
57:49 Chain Barding Armor
59:34 Iron Casting
60:50 Two-Man Saw
59:43 Man-at-Arms
60:08 Gambesons
BigFucKingAce
1:10 Loom
17:09 Feudal Age
20:39 Castle Age
19:24 Double-Bit Axe
20:39 Wheelbarrow
22:16 Bow Saw
22:10 Horse Collar
23:04 Heavy Plow
27:19 Hand Cart
30:11 Stone Mining
30:13 Gold Mining
34:58 Imperial Age
33:04 Padded Archer Armor
34:02 Man-at-Arms
34:43 Squires
35:46 Gold Shaft Mining
35:46 Stone Shaft Mining
35:16 Capped Ram
37:23 Long Swordsman
39:20 Fletching
39:46 Leather Archer Armor
39:42 Forging
39:33 Scale Mail Armor
41:12 Drill
40:15 Onager
40:28 Onager
41:00 Two-Handed Swordsman
42:08 Ballistics
42:48 Champion
47:45 Chemistry
46:52 Siege Engineers
48:53 Elite Skirmisher
50:05 Siege Onager
wan !
1:17 Loom
16:39 Feudal Age
21:42 Castle Age
20:15 Horse Collar
20:25 Double-Bit Axe
22:32 Bow Saw
25:56 Fervor
25:58 Fletching
30:16 Wheelbarrow
31:48 Chemistry
31:21 Hand Cart
30:53 Town Watch
31:33 Heavy Plow
35:55 Imperial Age
34:06 Masonry
35:23 Bodkin Arrow
36:39 Padded Archer Armor
37:03 Ballistics
36:48 Caravan
37:23 Sanctity
36:26 Elite Skirmisher
37:10 Bracer
36:45 Houfnice
38:19 Conscription
38:30 Leather Archer Armor
42:12 Ring Archer Armor
44:21 Siege Engineers
44:46 Architecture
48:27 Pikeman
49:08 Squires
52:27 Two-Man Saw
52:36 Forging
52:26 Scale Mail Armor
52:37 Town Patrol
59:39 Halberdier
60:59 Iron Casting
60:40 Chain Mail Armor
benjahb11
0:48 Loom
14:55 Feudal Age
20:18 Castle Age
18:30 Horse Collar
19:30 Double-Bit Axe
20:24 Gold Mining
21:13 Wheelbarrow
23:45 Bow Saw
30:21 Padded Archer Armor
31:48 Heavy Plow
32:09 Hand Cart
33:35 Leather Archer Armor
34:40 Scale Mail Armor
34:32 Fletching
37:32 Imperial Age
35:33 Thumb Ring
35:02 Man-at-Arms
36:28 Ballistics
36:51 Chain Mail Armor
36:48 Forging
37:27 Stone Mining
38:12 Gold Shaft Mining
39:14 Chemistry
38:38 Conscription
38:07 Long Swordsman
39:23 Ring Archer Armor
39:31 Iron Casting
40:56 Bodkin Arrow
40:39 Crossbowman
41:49 Arbalester
43:50 Plate Mail Armor
43:48 Two-Handed Swordsman
44:54 Elite Skirmisher
45:00 Champion
J4MAL MURR4Y
1:03 Loom
12:49 Feudal Age
17:19 Castle Age
17:15 Forging
26:14 Fletching
28:45 Horse Collar
31:39 Wheelbarrow
34:51 Town Watch
37:10 Hand Cart
40:32 Tusk Swords
45:40 Imperial Age
45:46 Imperial Age
43:09 Double-Bit Axe
43:26 Gold Mining
43:27 Stone Mining
46:02 Iron Casting
45:57 Ballistics
46:17 Bow Saw
46:12 Heavy Plow
46:50 Gold Shaft Mining
47:16 Conscription
48:08 Bloodlines
48:24 Tusk Swords
50:16 Husbandry
51:35 Scale Barding Armor
54:46 Chain Barding Armor
54:54 Elite Battle Elephant
57:17 Chemistry
57:02 Pikeman
58:51 Double Crossbow
59:57 Elite Ballista Elephant
Connection lost

Rejoining the realm…

Still unreachable

The connection could not be restored.

Session expired

The server has moved on; the page needs a fresh start.